 Dungeon Crawl Stone Soup version 0.27.1-1-g398f81649c (webtiles) character file.

Game seed: 16440595495975266597

242 ZARRMARR the Sneak (level 6, -3/43 HPs)
             Began as an Octopode Monk on Sept 9, 2021.
             Slain by a kobold brigand (9 damage)
             ... in a sewer.
             The game lasted 00:12:22 (3428 turns).

ZARRMARR the Sneak (Octopode Monk)                  Turns: 3428, Time: 00:12:23

Health: -3/43      AC:  1    Str: 10    XL:     6   Next: 9%
Magic:  8/8        EV: 15    Int: 14    God:
Gold:   65         SH:  0    Dex: 21    Spells: 7/8 levels left

rFire    . . .     SeeInvis .   a - +0 short sword
rCold    . . .     Faith    .   (no shield)
rNeg     . . .     Spirit   .   (helmet restricted)
rPois    .         Reflect  .   (no amulet)
rElec    .         Harm     .   c - +6 ring of dexterity
rCorr    .         Rampage  .   (no ring)
Will     .....                  (no ring)
Stlth    ++++......             (no ring)
HPRegen  0.14/turn              (no ring)
MPRegen  0.11/turn              (no ring)
                                (no ring)
                                (no ring)

@: hasted, very quick
A: almost no armour, amphibious, 8 rings, camouflage 1, gelatinous body 1,
(nimble swimmer 1), tentacles
a: no special abilities


You were in a sewer.
You visited 1 branch of the dungeon, and saw 3 of its levels.
You also visited: Sewer.

You collected 65 gold pieces.

Inventory:

Hand Weapons
 a - a +0 short sword (weapon)
 j - a +0 dagger
 k - a +0 dagger
 l - a +0 short sword
 p - a +0 club
 q - a +0 short sword
 r - a +0 club
 s - a +0 club
 t - a +0 dagger
 v - a +0 shortbow
Missiles
 d - 6 poisoned darts (quivered)
 m - 12 stones
Armour
 x - a +0 helmet
Jewellery
 b - a ring of ice
 c - a +6 ring of dexterity (left tentacle)
Wands
 h - a wand of iceblast (5)
Scrolls
 g - a scroll of fear
 i - a scroll of fog {unknown}
 n - a scroll of teleportation {unknown}
 y - a scroll of amnesia {unknown}
Potions
 e - 2 potions of curing
 f - a potion of haste
 o - a potion of brilliance {unknown}
 u - a potion of mutation {unknown}
 w - a potion of invisibility {unknown}


   Skills:
 + Level 3.8 Fighting
 + Level 3.7 Short Blades
 + Level 1.6 Throwing
 + Level 3.7 Dodging
 + Level 4.0 Stealth
 + Level 1.6 Spellcasting
 + Level 1.8 Translocations


You had 7 spell levels left.
You knew the following spells:

 Your Spells              Type           Power      Damage    Failure   Level
c - Apportation           Tloc           12%        N/A       12%         1

Your spell library contained the following spells:

 Spells                   Type           Power      Damage    Failure   Level
 Alistair's Intoxication  Tmut/Pois      0%         N/A       100%        5
 Invisibility             Hex            0%         N/A       100%        6


Dungeon Overview and Level Annotations

Branches:
Dungeon (3/15)              Sewer (1/1)

Altars:

Shops:
D:1 (


Innate Abilities, Weirdness & Mutations

You cannot wear most types of armour.
You are amphibious.
You can wear up to eight rings at the same time.
Your skin changes colour to match your surroundings (Stealth+).
Your rubbery body absorbs attacks. (AC +1, EV +1)
((You are camouflaged near water. (Stealth+)))
You have tentacles for arms and can constrict up to eight enemies at once.


Message History

The kobold brigand closely misses you.
You hit the kobold. Your grab misses the kobold.
The kobold is moderately wounded.
You constrict the kobold brigand. x2
The kobold hits you with a +0 short sword.
The kobold brigand barely misses you.
The kobold brigand hits you with a +0 whip!
You hit the kobold brigand.
The kobold brigand is moderately wounded.
You constrict the kobold brigand.
You constrict the kobold brigand, but do no damage.
The kobold hits you but does no damage. The kobold brigand closely misses you.
The kobold brigand barely misses you.
You hit the kobold brigand.
The kobold brigand is heavily wounded.
You constrict the kobold brigand. x2
The kobold hits you with a +0 short sword.
You hit the kobold brigand. You squeeze the kobold brigand.
The kobold brigand is severely wounded.
You constrict the kobold brigand. x2
The kobold brigand hits you with a +0 short sword.
The kobold brigand closely misses you.
You hit the kobold brigand but do no damage.
The kobold brigand is severely wounded.
You constrict the kobold brigand. x2
The kobold hits you with a +0 short sword.
The kobold brigand hits you with a +0 short sword.
The kobold brigand misses you.
You hit the kobold brigand but do no damage.
The kobold brigand is severely wounded.
You constrict the kobold brigand. x2; The kobold barely misses you.
The kobold brigand misses you.
The kobold brigand hits you with a +0 whip.
* * * LOW HITPOINT WARNING * * *
You feel yourself speed up.
You constrict the kobold brigand. x2
The kobold hits you with a +0 short sword.
* * * LOW HITPOINT WARNING * * *
The kobold brigand barely misses you.
The kobold brigand hits you with a +0 whip!
You die...

##....≈≈≈≈≈≈≈##..#
#....≈.≈≈≈≈≈≈##..##
#.....≈≈≈≈≈≈≈#....#
#....≈≈≈≈≈≈≈≈≈....##
##...≈≈≈≈≈≈≈≈......#
#....≈≈≈≈≈≈≈≈.....#
#...≈≈≈≈≈≈≈≈≈≈....#
##...≈≈≈≈≈≈≈≈≈....#
##@###≈≈≈≈≈≈###'###
#.KKK.#≈≈≈≈≈≈#...†.#
#.....#≈≈≈≈≈≈#.....#
##...##≈≈≈≈≈≈##...##
.....#≈≈≈≈≈≈#.....#
#!.#.!#≈≈≈≈≈≈#..#..#
### ###≈≈≈≈≈≈#######
≈≈≈ ≈≈≈≈≈≈≈≈≈≈≈≈≈≈≈≈
≈≈≈≈≈≈≈≈≈≈


You could see 2 kobold brigands and a kobold.

Vanquished Creatures
  Jessica (D:2)
  3 gnolls (D:2)
  4 adders
  6 river rats
  A worm (D:2)
  2 dart slugs (D:3)
  An orc (D:3)
  9 bats
  5 endoplasms
  5 giant cockroaches
  3 goblins
  5 hobgoblins
  5 jackals
  3 quokkas
  5 ball pythons
  5 frilled lizards
  12 kobolds
  24 rats
99 creatures vanquished.

Notes
Turn   | Place    | Note
-------+----------+-------------------------------------------
     0 | D:1      | ZARRMARR the Octopode Monk began the quest for the Orb.
     0 | D:1      | Reached XP level 1. HP: 16/16 MP: 1/1
     9 | D:1      | Found Inecups's Antique Weapon Boutique.
   133 | D:1      | Reached skill level 3 in Stealth
   133 | D:1      | Reached XP level 2. HP: 21/21 MP: 2/2
   484 | D:1      | Learned a level 1 spell: Apportation
  1106 | D:2      | Found a faded altar of an unknown god.
  1107 | D:2      | Noticed a great orb of eyes
  1109 | D:2      | Noticed a floating eye
  1109 | D:2      | Noticed a shining eye
  1109 | D:2      | Noticed a golden eye
  1124 | D:2      | Reached XP level 3. HP: 26/26 MP: 3/3
  1766 | D:2      | Noticed Jessica
  1770 | D:2      | Killed Jessica
  1771 | D:2      | Reached skill level 1 in Throwing
  1771 | D:2      | Reached XP level 4. HP: 31/31 MP: 4/4
  1829 | D:2      | Reached skill level 1 in Translocations
  2445 | D:3      | Reached skill level 1 in Spellcasting
  2502 | D:3      | Reached XP level 5. HP: 20/36 MP: 6/6
  2762 | D:3      | Found a glowing drain.
  2766 | Sewer    | Entered a sewer
  3379 | Sewer    | Reached XP level 6. HP: 41/43 MP: 8/8
  3382 | Sewer    | Reached skill level 4 in Stealth
  3428 | Sewer    | Slain by a kobold brigand

Illustrated notes

Levels and vault maps discovered:
D:1:      tarquinn_simple_flora_water_e, layout_basic, serial_shops,
          nicolae_shop_stone, chequers_serial_rivers_room_a
D:2:      layout_loops_ring, hellmonk_ecumenical_altar_watching_god,
          uniq_jessica
D:3:      layout_basic, gup_sewer_entry_bowl, wad_rectangle_vault, uniq_robin
Sewer:    sewer_minmay_treatment

Skill      XL: |  1  2  3  4  5  6 |
---------------+-------------------+-----
Stealth        | 3 4 |  4.0
Throwing       | 1 |  1.6
Translocations | 1 |  1.8
Spellcasting   | 1 |  1.6
Fighting       | |  3.8
Short Blades   | |  3.7
Dodging        | |  3.7

Action                   |  1- 3 |  4- 6 || total
-------------------------+-------+-------++-------
Melee: Short sword       |    68 |   131 ||   199
       Constrict         |    13 |    35 ||    48
       Tentacles         |     8 |    25 ||    33
Throw: Dart              |       |    13 ||    13
 Cast: Apportation       |     8 |     2 ||    10
  Use: Scroll            |     4 |     1 ||     5
       Potion            |     1 |     1 ||     2
 Stab: Sleeping          |    13 |    17 ||    30
Armor: Skin              |    10 |     7 ||    17
Dodge: Dodged            |    37 |    89 ||   126
